 Dungeon Crawl Stone Soup version 0.29-a0-398-ge13fd1374b (webtiles) character file.

Game seed: 7337852270091768574

82 hquester the Ducker (level 4, -5/23 HPs)
             Began as a Spriggan Fighter on May 12, 2022.
             Killed by divine providence
             ... invoked by an orc priest
              (13 damage)
             ... on level 6 of the Dungeon.
             The game lasted 00:15:08 (2839 turns).

hquester the Ducker (Spriggan Fighter)              Turns: 2839, Time: 00:15:08

Health: -5/23      AC: 16    Str: 12    XL:     4   Next: 21%
Magic:  14/14      EV: 24    Int: 11    God:
Gold:   113        SH:  6    Dex: 14    Spells: 3/3 levels left

rFire   . . .      SeeInvis +   a - +1 rapier
rCold   . . .      Faith    .   c - +0 buckler
rNeg    . . .      Spirit   .   m - +3 shadow dragon scales
rPois   .          Reflect  .   (helmet restricted)
rElec   .          Harm     .   k - +1 cloak
rCorr   .          Rampage  .   (gloves unavailable)
Will    .....                   (boots unavailable)
Stlth   +++.......              f - amulet of the acrobat
HPRegen 0.07/turn               e - ring of flight
MPRegen 0.14/turn               n - ring of magical power

@: acrobatic, flying, very quick
A: very small, no large weapons, unfitting armour, see invisible, speed 3
a: no special abilities


You were on level 6 of the Dungeon.
You visited 1 branch of the dungeon, and saw 4 of its levels.

You collected 113 gold pieces.

Inventory:

Hand Weapons
 a - a +1 rapier (weapon)
Armour
 c - a +0 buckler (worn)
 k - a +1 cloak (worn)
 m - +3 shadow dragon scales (worn)
Jewellery
 e - a ring of flight (left hand)
 f - an amulet of the acrobat (around neck)
 l - an amulet of faith
 n - a ring of magical power (right hand)
Wands
 o - a wand of acid (8)
Scrolls
 b - a scroll of teleportation {unknown}
 h - a scroll of enchant weapon
Potions
 d - a potion of might
 g - a potion of curing
 i - a potion of cancellation {unknown}
 j - a potion of berserk rage {unknown}
 p - a potion of heal wounds {unknown}


   Skills:
 + Level 2.7 Fighting
 + Level 2.9 Short Blades
 + Level 1.5 Bows
 + Level 0.0 Armour
 + Level 4.5 Dodging
 + Level 2.2 Stealth
 + Level 2.5 Shields


You had 3 spell levels left.
You didn't know any spells.
Your spell library was empty.

Dungeon Overview and Level Annotations

Branches:
Dungeon (3/15)

Altars:


Innate Abilities, Weirdness & Mutations

You are very small and have problems with some larger weapons.
You are too small for most types of armour.
You have supernaturally acute eyesight. (SInv)
You cover ground extremely quickly. (Speed+++)


Message History

You see here 6 gold pieces.
A ball python comes into view.
The ball python moves out of view.
A sourceless malevolence fills the Dungeon...
You are sucked into a shaft and drop 3 floors!
The shaft crumbles and collapses.
As you open the door, it creaks loudly!
There is an open door here.
You reach down and open the door.
There is an open door here.
You reach down and open the door.
Found a pair of boots.
There is an open door here.
You see here a +0 pair of boots.
You reach down and open the door.
There is an open door here.
Found a stone staircase leading down.
o - a wand of acid (8)
Found a stone staircase leading down.
There is a stone staircase leading down here.
An iguana comes into view.
The iguana hisses angrily.
The iguana closely misses you.
You closely miss the iguana. The iguana bites you!
You hit the iguana.
The iguana is moderately wounded.
The iguana bites you but does no damage.
You barely miss the iguana.
The iguana is moderately wounded.
You block the iguana's attack. The iguana bites you.
An adder comes into view.
Found 27 stones.
An orc priest comes into view. It is wielding a +0 mace.
An orc comes into view. It is wielding a +0 whip.
The orc shouts!
The orc priest shouts!
The orc priest calls down the wrath of Beogh upon you.
Beogh smites you!
Ouch! That really hurt!
You die...

...#..#..........
#.o..o...........
#(................
.##.................
....................
............S.......
#...................
#......@..........#
#.........##......# .
##...##.......##...# ..
#.#...#..#.##l.....#...
##.#..##..####.####...
##...l###.####..##...
##......##.###.#.##.#
#.......#...l.......#
##...............##.#


You could see an iguana, an orc priest, an adder and an orc.

Vanquished Creatures
  2 adders (D:2)
  A dart slug (D:2)
  5 bats
  2 endoplasms (D:1)
  A giant cockroach (D:2)
  10 goblins
  7 hobgoblins
  3 jackals (D:1)
  6 quokkas
  5 ball pythons (D:2)
  6 frilled lizards
  5 kobolds
  4 rats
57 creatures vanquished.

Notes
Turn   | Place    | Note
-------+----------+-------------------------------------------
     0 | D:1      | hquester the Spriggan Fighter began the quest for the Orb.
     0 | D:1      | Reached XP level 1. HP: 11/11 MP: 2/2
   187 | D:1      | Reached XP level 2. HP: 13/16 MP: 3/3
   355 | D:1      | Reached skill level 1 in Stealth
   606 | D:1      | Reached XP level 3. HP: 16/19 MP: 4/4
   813 | D:1      | Found a faded altar of an unknown god.
  1369 | D:2      | Reached skill level 1 in Bows
  2302 | D:2      | Identified 2 scrolls of acquirement
  2302 | D:2      | Acquired a ring of magical power
  2304 | D:2      | Acquired +2 shadow dragon scales
  2450 | D:2      | Reached XP level 4. HP: 23/23 MP: 5/5
  2703 | D:3      | You are sucked into a shaft and drop 3 floors!
  2839 | D:6      | Killed from afar by an orc priest

Illustrated notes

Levels and vault maps discovered:
D:1:      onia_arrival_mini_maze_b, layout_basic, basic_ecumenical_altar,
          minmay_liquid_box, minmay_cut_off
D:2:      layout_basic, wander_ebering_terrifying_dragon_lair
D:3:      layout_basic, tgw_kikubaaqudgha, portal_sewer_entry_f,
          minmay_tree_intersection, uniq_ijyb
D:6:      layout_cave_pools, trog_three_pillars_becter, nicolae_zen_rock_garden,
          minmay_misc_feat_roman, uniq_crazy_yiuf_cottage

Skill      XL: |  1  2  3 |
---------------+----------+-----
Stealth        | 1 2 |  2.2
Bows           | 1 |  1.5
Fighting       | |  2.7
Short Blades   | |  2.9
Dodging        | |  4.5
Shields        | |  2.5

Action                   |  1- 3 |  4- 6 || total
-------------------------+-------+-------++-------
Melee: Rapier            |   164 |    17 ||   181
  Use: Scroll            |     7 |     1 ||     8
 Stab: Sleeping          |    11 |     2 ||    13
Armor: Robe              |    20 |       ||    20
       Shadow dragon sca |     1 |     4 ||     5
Dodge: Dodged            |   125 |     4 ||   129
Block: Buckler           |    44 |     3 ||    47

Table legend: (Time is in decaauts)
 A = Elapsed time spent in this place.
 B = Non-inter-level travel time spent in this place.
 C = Inter-level travel time spent in this place.
 D = Time resting spent in this place.
 E = Time spent auto-exploring this place.
 F = Levels seen in this place.
 G = Mean time per level.
                   A        B        C        D        E       F      G
               +--------+--------+--------+--------+--------+-----+--------+
         Total |   2226 |   2226 |      0 |    233 |   1261 |   4 |  556.5 |
       Dungeon |   2226 |   2226 |      0 |    233 |   1261 |   4 |  556.5 |
               +--------+--------+--------+--------+--------+-----+--------+

Top non-repeatable levels by time:
     D:2: 1310 daAuts
     D:1: 745 daAuts
     D:6: 85 daAuts
     D:3: 85 daAuts
